 Dungeon Sprint DCSS version 0.18-a0-1229-ge9a1a01 (webtiles) character file.

1108 Winamp the Fighter (level 8, -1/71 HPs)
             Began as a Demonspawn Fighter on Feb 4, 2016.
             Was a Believer of Okawaru.
             Slain by a cyclops (26 damage)
             ... in the Dungeon (Sprint IX: "|||||||||||||||||||||||||||||").
             The game lasted 00:01:43 (414 turns).

Winamp the Fighter (Demonspawn Fighter)              Turns: 414, Time: 00:01:44

Health: -1/71      AC: 14    Str: 28    XL:     8   Next: 11%
Magic:  0/8        EV: 11    Int: 12    God:    Okawaru [**....]
Gold:   0          SH: 12    Dex: 13    Spells: 0 memorised, 7 levels left

rFire  . . .     SeeInvis .     s - +1 broad axe "Haletz" {freeze, Fragile Str+10 Int+2}
rCold  . . .     Gourm    .     p - +1 chain mail
rNeg   . . .     Faith    .     c - +0 shield
rPois  .         Spirit   .     (helmet restricted)
rElec  .         Dismiss  .     n - +0 cloak
rCorr  .         Reflect  .     (no gloves)
SustAt .         Harm     .     o - +0 pair of boots
MR     .....     NoTele   +     (no amulet)
Stlth  ..........               (no ring)
                                (no ring)

@: very slightly contaminated, not resistant to hostile enchantments, extremely
unstealthy
A: horns 1, repulsion field 1, nightstalker 1
a: Heroism, Renounce Religion


You were in the Dungeon.
You worshipped Okawaru.
Okawaru was pleased with you.
You were not hungry.

You visited 1 branch

Inventory:

Hand Weapons
 a - a +0 long sword
 s - the +1 broad axe "Haletz" (weapon) {freeze, Fragile Str+10 Int+2}
   (You found it in the Dungeon)

   It has been specially enchanted to freeze those struck by it, causing extra
   injury to most foes and up to half again as much damage against particularly
   susceptible opponents.
   It can also slow down cold-blooded creatures.
   It affects your strength (+10).
   It affects your intelligence (+2).
   It will be destroyed if unequipped.
Armour
 b - a +0 scale mail
 c - a +0 shield (worn)
 n - a +0 cloak (worn)
 o - a +0 pair of boots (worn)
 p - a +1 chain mail (worn)
Jewellery
 q - a +3 ring of intelligence
 r - a +3 ring of intelligence
Wands
 m - a wand of acid (4/15)
Scrolls
 j - 3 scrolls of remove curse
 k - 2 scrolls of blinking
 l - 2 scrolls of amnesia
Potions
 e - 4 potions of curing
 g - 2 potions of heal wounds
 h - a potion of haste
 i - 4 potions of magic
Comestibles
 f - a bread ration


   Skills:
 + Level 9.4 Fighting
 + Level 6.7 Long Blades
 + Level 3.3 Axes
 + Level 8.4 Armour
 + Level 4.3 Dodging
 + Level 2.0 Stealth
 + Level 8.2 Shields
 + Level 0.8 Evocations


You had 7 spell levels left.
You didn't know any spells.

Dungeon Overview and Level Annotations

Branches:
Dungeon (1/1)

Altars:
Cheibriados
Dithmenos
Elyvilon
Fedhas
Gozag
Kikubaaqudgha
Makhleb
Nemelex Xobeh
Okawaru
Pakellas
Qazlal
Ru
Sif Muna
Trog
Vehumet
Xom
Yredelemnul
Zin
The Shining One
Beogh
Jiyva
Lugonu


Innate Abilities, Weirdness & Mutations

You have a pair of small horns on your head.
You are surrounded by a mild repulsion field (EV +2).
You are slightly more attuned to the shadows.


Message History

Your Shields skill increases to level 8!
You have reached level 8!
You feel agile.
Your demonic ancestry asserts itself...
You begin to radiate repulsive energy.
You closely miss the crimson imp.
The crimson imp is lightly wounded.
The crimson imp hits you. The eye of draining gazes at you.
You feel your power leaking away.
The cyclops throws a large rock.
You block the large rock. You block the cyclops's attack.
There is an open door here.
You see here a flail.
Your shield and chain mail prevent you from hitting the cyclops.
The cyclops is severely wounded.
You hit the crimson imp. You freeze the crimson imp.
The crimson imp is heavily wounded.
The crimson imp hits you. You block the crimson imp's attack.
The cyclops hits you!!
You die... ▓▓▓▓▓▓▓▓▓▓▓▓▓▓▓▓▓▓▓▓▓▓▓ ..|).....).....5@CtZG.. ▓▓▓▓▓▓▓▓▓▓▓▓▓▓▓▓▓▓▓▓▓▓▓

You could see a fire crab shaped shifter, a cyclops, an eye of draining, a crimson imp and a bat skeleton.

Vanquished Creatures
  A skeletal warrior (D)
  2 hippogriffs (D)
  2 ogres (D)
  2 jellies (D)
  2 worker ants (D)
  An adder (D)
  An adder skeleton (D)
  A bat skeleton (D)
  2 goblins (D)
  A hobgoblin (D)
  A kobold (D)
  A rat (D)
17 creatures vanquished.

Vanquished Creatures (others)
  A spatial maelstrom (D)
1 creature vanquished.

Grand Total: 18 creatures vanquished

Notes
Turn   | Place    | Note
--------------------------------------------------------------
     0 | D        | Winamp the Demonspawn Fighter began the quest for the Orb.
     0 | D        | Reached XP level 1. HP: 18/18 MP: 1/1
    12 | D        | Banished a spatial maelstrom
    48 | D        | Noticed an ogre
    48 | D        | Noticed a jelly
    52 | D        | Gained mutation: You are slightly more attuned to the shadows. [demonic ancestry]
    52 | D        | Reached XP level 2. HP: 25/25 MP: 2/2
    56 | D        | Killed an ogre
    56 | D        | Reached skill level 5 in Fighting
    56 | D        | Reached skill level 5 in Armour
    56 | D        | Reached skill level 1 in Dodging
    56 | D        | Reached XP level 3. HP: 17/33 MP: 3/3
    56 | D        | Reached XP level 4. HP: 20/39 MP: 4/4
    58 | D        | Reached skill level 5 in Shields
    62 | D        | Reached skill level 6 in Fighting
   184 | D        | Found a glowing silver altar of Zin.
   184 | D        | Found a glowing golden altar of the Shining One.
   184 | D        | Found an ancient bone altar of Kikubaaqudgha.
   184 | D        | Found a basalt altar of Yredelemnul.
   184 | D        | Found a shimmering altar of Xom.
   185 | D        | Found a radiant altar of Vehumet.
   186 | D        | Found an iron altar of Okawaru.
   187 | D        | Found a burning altar of Makhleb.
   188 | D        | Found a deep blue altar of Sif Muna.
   189 | D        | Found a bloodstained altar of Trog.
   190 | D        | Found a sparkling altar of Nemelex Xobeh.
   191 | D        | Found a white marble altar of Elyvilon.
   192 | D        | Found a roughly hewn altar of Beogh.
   193 | D        | Found a viscous altar of Jiyva.
   194 | D        | Found a corrupted altar of Lugonu.
   195 | D        | Found a blossoming altar of Fedhas.
   196 | D        | Found a snail-covered altar of Cheibriados.
   197 | D        | Found a shadowy altar of Dithmenos.
   198 | D        | Found a stormy altar of Qazlal.
   199 | D        | Found an opulent altar of Gozag.
   200 | D        | Found a sacrificial altar of Ru.
   201 | D        | Found an oddly glowing altar of Pakellas.
   287 | D        | Became a worshipper of Warmaster Okawaru
   329 | D        | Got the +1 broad axe "Haletz" {freeze, Fragile Str+10 Int+2}
   366 | D        | Noticed an ogre
   366 | D        | Noticed a hippogriff
   366 | D        | Noticed a hippogriff
   370 | D        | Killed an ogre
   370 | D        | Reached XP level 5. HP: 20/47 MP: 5/5
   375 | D        | HP: 2/47 [hippogriff (1)]
   379 | D        | Killed a hippogriff
   379 | D        | Reached * piety under Okawaru
   379 | D        | Reached skill level 7 in Fighting
   379 | D        | Reached skill level 5 in Long Blades
   379 | D        | Reached skill level 1 in Axes
   379 | D        | Gained mutation: You have a pair of small horns on your head. [demonic ancestry]
   379 | D        | Reached XP level 6. HP: 42/56 MP: 6/6
   386 | D        | Killed a hippogriff
   386 | D        | Reached skill level 8 in Fighting
   386 | D        | Reached XP level 7. HP: 38/63 MP: 7/7
   401 | D        | Noticed a skeletal warrior
   401 | D        | Noticed a cyclops
   401 | D        | Noticed a troll
   411 | D        | Noticed a fire crab
   411 | D        | a troll changed into a fire crab
   412 | D        | Killed a skeletal warrior
   412 | D        | Reached ** piety under Okawaru
   412 | D        | Reached skill level 9 in Fighting
   412 | D        | Gained mutation: You are surrounded by a mild repulsion field (EV +2). [demonic ancestry]
   412 | D        | Reached XP level 8. HP: 26/71 MP: 0/8
   414 | D        | Slain by a cyclops

Vault maps used:
D:        linesprint

Action                   |  1- 3 |  4- 6 |  7- 9 || total
-------------------------+-------+-------+-------++-------
Melee: Long sword        |    24 |     7 |       ||    31
       Broad axe         |       |    17 |    16 ||    33
Evoke: Wand              |       |       |     3 ||     3
  Use: Potion            |     2 |     3 |       ||     5
 Stab: Invisible         |       |       |     2 ||     2
